 Dungeon Crawl Stone Soup version 0.29-a0-542-g075992c915 (webtiles) character file.

Game seed: 10464458153908230902

29 zishaf the Sneak (level 2, -4/24 HPs)
             Began as a Demigod Wanderer on June 3, 2022.
             Slain by a kobold
             ... wielding a +0 dagger of electrocution
              (16 damage)
             ... on level 1 of the Dungeon.
             The game lasted 00:03:01 (1595 turns).

zishaf the Sneak (Demigod Wanderer)                 Turns: 1595, Time: 00:03:01

Health: -4/24      AC:  3    Str: 13    XL:     2   Next: 81%
Magic:  5/5        EV: 10    Int: 11    God:
Gold:   52         SH:  0    Dex: 16    Spells: 1/3 levels left

rFire   . . .      SeeInvis .   a - +3 dagger
rCold   . . .      Faith    .   (no shield)
rNeg    . . .      Spirit   .   d - +0 leather armour
rPois   .          Reflect  .   (no helmet)
rElec   .          Harm     .   (no cloak)
rCorr   .          Rampage  .   (no gloves)
Will    .....                   (no boots)
Stlth   +++.......              (no amulet)
HPRegen 0.08/turn               (no ring)
MPRegen 0.09/turn               (no ring)

@: no status effects
A: high MP 1, forlorn, divine attributes
a: no special abilities


You were on level 1 of the Dungeon.
You visited 1 branch of the dungeon, and saw 2 of its levels.

You collected 52 gold pieces.

Inventory:

Hand Weapons
 a - a +3 dagger (weapon)
Armour
 d - a +0 leather armour (worn)
Scrolls
 b - a scroll of fear
 c - 2 scrolls of teleportation
 e - 2 scrolls of enchant weapon {unknown}
 f - a scroll of noise {unknown}
 i - a scroll of identify {unknown}
 j - a scroll of enchant armour {unknown}
Potions
 g - 2 potions of brilliance {unknown}
 h - 2 potions of heal wounds {unknown}
 k - 2 potions of might {unknown}


   Skills:
 + Level 2.2 Fighting
 + Level 1.2 Short Blades
 - Level 4.5 Stealth
 - Level 1.0 Spellcasting
 + Level 1.6 Air Magic
 + Level 0.5 Poison Magic
 - Level 1.0 Evocations


You had one spell level left.
You knew the following spells:

 Your Spells              Type           Power      Damage    Failure   Level
a - Poisonous Vapours     Pois/Air       4%         N/A       38%         2

Your spell library contained the following spells:

 Spells                   Type           Power      Damage    Failure   Level
 Freeze                   Ice            0%         1d3       38%         1
 Static Discharge         Conj/Air       2%         N/A       41%         2
 Ensorcelled Hibernation  Hex/Ice        0%         N/A       52%         2
 Passwall                 Tmut/Erth      0%         N/A       52%         2
 Swiftness                Air            4%         N/A       54%         3
 Frozen Ramparts          Ice            0%         1d2       77%         3
 Hailstorm                Conj/Ice       0%         3d3       99%         4


Dungeon Overview and Level Annotations

Branches:
Dungeon (2/15)


Innate Abilities, Weirdness & Mutations

You have an increased reservoir of magic. (+10% MP)
You shall have no god before yourself.
Your divine heritage dramatically boosts your attributes as you level up.


Message History

The worm is almost dead.
The worm bites you.
You barely miss the worm.
The worm is severely wounded.
You hit the worm.
You kill the worm!
There is a stone staircase leading down, spattered with blood here.
You start resting.
HP restored.
You climb downwards.
The quokka bites you. The kobold hits you but does no damage.
The quokka bites you.
There is a stone staircase leading up here.
The quokka bites you. The kobold barely misses you.
You climb upwards.
There is a stone staircase leading down, spattered with blood here.
The quokka bites you but does no damage.
The kobold attacks as you move away!
The kobold hits you with a +0 dagger of electrocution.
The quokka bites you but does no damage.
You see here a +0 club.
You hit the quokka but do no damage.
The quokka bites you but does no damage.
You hit the quokka.
The quokka is lightly wounded.
The quokka misses you.
You barely miss the quokka.
The quokka is lightly wounded.
The quokka bites you but does no damage.
You hit the quokka.
The quokka is moderately wounded.
The quokka bites you.
You hit the quokka.
The quokka is heavily wounded.
The quokka bites you. The quokka misses you.
You hit the quokka.
You kill the quokka!
The kobold throws a stone.
The stone closely misses you. The kobold hits you but does no damage.
You are electrocuted!
Ouch! That really hurt!
You die...

.....#.#.########################
####.#)#.#...................†...
# #.#.#.#.######################
# #.#.#.#...(................÷..
# #.#.#........#################
# #.#.#........# # #.#.#.###....#
# #.#.#.#.#....######### #
#...#.#.#...K@)......#
########.#.#...########.####
.........#.#..>............#
#######..#.#........#.#.##.#
#..#...########.#.##.#
#..#............#.##.#
#..#.############.##.## #..#.#
#........# #..#.# #.#......##


You could see a kobold.

Vanquished Creatures
  A worm (D:1)
  A dart slug (D:1)
  2 ball pythons (D:1)
  A bat (D:1)
  An endoplasm (D:1)
  A giant cockroach (D:1)
  3 goblins (D:1)
  2 hobgoblins (D:1)
  2 kobolds (D:1)
  2 quokkas (D:1)
  5 rats (D:1)
21 creatures vanquished.

Notes
Turn   | Place    | Note
-------+----------+-------------------------------------------
     0 | D:1      | zishaf the Demigod Wanderer began the quest for the Orb.
     0 | D:1      | zishaf set off with the following items: a +3 dagger, a
                  | scroll of fear, a scroll of teleportation, a +0 leather
                  | armour; and the following spells available to memorise:
                  | Poisonous Vapours, Static Discharge
     0 | D:1      | Reached XP level 1. HP: 17/17 MP: 4/4
   424 | D:1      | Reached XP level 2. HP: 18/24 MP: 5/5
   508 | D:1      | Learned a level 2 spell: Poisonous Vapours
   691 | D:1      | Reached skill level 1 in Short Blades
  1595 | D:1      | Slain by a kobold

Illustrated notes

Levels and vault maps discovered:
D:1:      shiori_arrival_maze, layout_basic, chequers_ecumenical_altar_lobes
D:2:      layout_rooms

Skill      XL: |  1  2 |
---------------+-------+-----
Fighting       | 2 |  2.2
Short Blades   | 1 |  1.2
Stealth        | |  4.5
Spellcasting   | |  1.0
Air Magic      | |  1.6
Poison Magic   | |  0.5
Evocations     | |  1.0

Action                   || total
-------------------------++-------
Melee: Dagger            ||    64
 Stab: Sleeping          ||     3
Armor: Leather armour    ||    23
Dodge: Dodged            ||    28

Table legend: (Time is in decaauts)
 A = Elapsed time spent in this place.
 B = Non-inter-level travel time spent in this place.
 C = Inter-level travel time spent in this place.
 D = Time resting spent in this place.
 E = Time spent auto-exploring this place.
 F = Levels seen in this place.
 G = Mean time per level.
                   A        B        C        D        E       F      G
               +--------+--------+--------+--------+--------+-----+--------+
         Total |   1593 |   1549 |     44 |    220 |   1021 |   2 |  796.5 |
       Dungeon |   1593 |   1549 |     44 |    220 |   1021 |   2 |  796.5 |
               +--------+--------+--------+--------+--------+-----+--------+

Top non-repeatable levels by time:
     D:1: 1572 daAuts
     D:2: 21 daAuts
